 Dungeon Crawl Stone Soup version 0.28.0-45-g0d030f2227 (webtiles) character file.

Game seed: 9992463446268100032

259 urbino23 the Skirmisher (level 5, -2/50 HPs)
             Began as a Minotaur Berserker on Apr 21, 2022.
             Was a Believer of Trog.
             Slain by an ogre
             ... wielding a +0 giant club
              (23 damage)
             ... on level 3 of the Dungeon.
             The game lasted 00:06:58 (2978 turns).

urbino23 the Skirmisher (Minotaur Berserker)        Turns: 2978, Time: 00:06:58

Health: -2/50      AC:  8    Str: 23    XL:     5   Next: 95%
Magic:  4/4        EV:  8    Int:  4    God:    Trog [**....]
Gold:   166        SH:  0    Dex: 10    Spells: 4/4 levels left

rFire   . . .      SeeInvis .   a - +0 mace
rCold   . . .      Faith    .   (no shield)
rNeg    . . .      Spirit   .   k - +0 chain mail
rPois   .          Reflect  .   (helmet restricted)
rElec   .          Harm     .   (no cloak)
rCorr   .          Rampage  .   (no gloves)
Will    .....                   (no boots)
Stlth   ..........              (no amulet)
HPRegen 0.16/turn               (no ring)
MPRegen 0.09/turn               (no ring)

@: weak-willed, on berserk cooldown
A: horns 2, retaliatory headbutt
a: Renounce Religion, Berserk, Trog's Hand


You were on level 3 of the Dungeon.
You worshipped Trog.
Trog was pleased with you.
You visited 1 branch of the dungeon, and saw 4 of its levels.

You collected 166 gold pieces.

Inventory:

Hand Weapons
 a - a +0 mace (weapon)
 b - a +3 hunting sling
Missiles
 c - 187 stones
 h - 16 bolts
 m - 3 javelins
 q - 6 poisoned darts (quivered)
Armour
 e - a +0 scale mail
 f - a +0 animal skin
 k - a +0 chain mail (worn)
Jewellery
 p - a ring of willpower
Scrolls
 d - a scroll of vulnerability
 i - a scroll of teleportation {unknown}
 n - a scroll of identify {unknown}
 o - a scroll of enchant armour {unknown}
Potions
 g - a potion of might {unknown}
 j - a potion of brilliance {unknown}
 l - a potion of curing {unknown}


   Skills:
 + Level 6.2 Fighting
 + Level 6.2 Maces & Flails
 - Level 2.4 Armour
 - Level 2.1 Dodging


You had 4 spell levels left.
You didn't know any spells.
Your spell library was empty.

Dungeon Overview and Level Annotations

Branches:
Dungeon (4/15)
 Temple: D:4-7

Altars:
Elyvilon


Innate Abilities, Weirdness & Mutations

You have a pair of horns on your head.
You reflexively headbutt those who attack you in melee.


Message History

The ogre is heavily wounded.
The ogre barely misses you.
You sock the ogre!
You kill the ogre!
Trog accepts your kill.
Your Fighting skill increases to level 6!
Your Maces & Flails skill increases to level 6!
You hit the endoplasm.
You kill the endoplasm!
Trog accepts your kill.
You see here a +0 giant spiked club.
You feel a strong urge to attack something.
There is a stone staircase leading up, spattered with blood here.
You start resting.
You feel your anger nearly subside.
You are no longer berserk.
You are exhausted.
You feel yourself slow down.
You start resting.
HP restored.
A dart slug comes into view.
An ogre and an endoplasm come into view.
The endoplasm quivers.
You see here 12 gold pieces.
Found a stone staircase leading down.
There is a stone staircase leading up, spattered with blood here.
The ogre hits you with a +0 giant club!
You climb upwards.
There is a stone staircase leading down, spattered with blood here.
Things that are here:
a +0 club; a +0 dagger; a goblin corpse You see here a +0 club.
The ogre hits you with a +0 giant club!!
As you read the scroll labelled VEONUET QUDYK, it crumbles to dust.
Magic quickly surges around you.
It was a scroll of vulnerability.
You feel yourself speed up. The ogre hits you with a +0 giant club.
You thump the ogre!
The ogre is heavily wounded.
The ogre hits you with a +0 giant club!!
You die...

#....#....# ##.#.#.# #.#
#....#....# #.#.#.#####.#
.....#....# #...#.....#.#
.....#....# ##..#####.#.#
.#'###.)..# #.†#.......#
.#.###....## ##>#.###.###
.#........'# #)#.# #.#
##.###....## #O#.# #.#
##.###....######@#.# #.#
...............#.#.# #.#
............##.###.###.#
............##.#...|...#
............##.#.#.###.#
........>...##.#.#.# ###
............##.#.#.#
............##.#.#.#########
............##.#.#.........#


You could see an ogre (weak-willed).

Vanquished Creatures
  An ogre (D:4)
  2 orc priests (D:3)
  5 adders
  A worm (D:3)
  2 dart slugs (D:2)
  7 orcs (D:3)
  3 bats
  5 endoplasms
  A giant cockroach (D:2)
  8 hobgoblins
  9 kobolds
  A quokka (D:3)
  2 ball pythons (D:2)
  5 frilled lizards
  9 goblins
  3 rats
64 creatures vanquished.

Notes
Turn   | Place    | Note
-------+----------+-------------------------------------------
     0 | D:1      | urbino23 the Minotaur Berserker began the quest for the
                  | Orb.
     0 | D:1      | Reached XP level 1. HP: 19/19 MP: 0/0
   629 | D:1      | Reached XP level 2. HP: 25/27 MP: 1/1
   922 | D:2      | Reached XP level 3. HP: 30/34 MP: 2/2
  1690 | D:3      | Reached ** piety under Trog
  1759 | D:3      | Found a white marble altar of Elyvilon.
  2040 | D:3      | Reached XP level 4. HP: 35/41 MP: 3/3
  2132 | D:3      | Reached skill level 5 in Fighting
  2137 | D:3      | Reached skill level 5 in Maces & Flails
  2486 | D:3      | Reached XP level 5. HP: 20/48 MP: 4/4
  2936 | D:4      | Noticed an ogre
  2952 | D:4      | Killed an ogre
  2969 | D:4      | Noticed an ogre
  2978 | D:3      | Slain by an ogre

Illustrated notes

Levels and vault maps discovered:
D:1:      lightli_arrival_maybe_door_vault, layout_loops_ring
D:2:      layout_loops_ring, kennysheep_generic_room_5
D:3:      layout_basic, amcnicky_altar_gilded, minmay_goblin_kobold_house
D:4:      layout_rooms, lemuel_coloured_pillars_altar

Skill      XL: |  1  2  3  4  5 |
---------------+----------------+-----
Fighting       | 4 5 6 |  6.2
Maces & Flails | 4 5 6 |  6.2
Armour         | |  2.4
Dodging        | |  2.1

Action                   |  1- 3 |  4- 6 || total
-------------------------+-------+-------++-------
Melee: Mace              |    80 |    56 ||   136
       Headbutt          |    10 |    10 ||    20
       Punch             |     1 |       ||     1
 Fire: Hunting sling     |     6 |     3 ||     9
Invok: Berserk           |     1 |     2 ||     3
  Use: Scroll            |       |     1 ||     1
Armor: Scale mail        |    14 |       ||    14
       Chain mail        |    36 |    25 ||    61
Dodge: Dodged            |    41 |    16 ||    57
